 Dungeon Crawl Stone Soup version 0.12.3 (console) character file.

39217 Lightli the Bringer of Life (level 14, -9/81 HPs)
             Began as a Halfling Healer on July 7, 2022.
             Was the Champion of Elyvilon.
             Killed from afar by Nikola (44 damage)
             ... with a chain lightning
             ... on Level 2 of the Shoals on July 9, 2022.
             The game lasted 01:14:48 (20386 turns).

Lightli the Bringer of Life (Halfling Healer)      Turns: 20386, Time: 01:14:49

HP  -9/81        AC 11     Str  9      XL: 14   Next: 23%
MP  29/33        EV 31     Int 12      God: Elyvilon [******]
Gold 1121        SH  0     Dex 21      Spells:  0 memorised, 13 levels left

Res.Fire  : . . .   See Invis. : +   v - +3,+2 double sword
Res.Cold  : + . .   Warding    : +   a - +2 robe
Life Prot.: + . .   Conserve   : .   (no shield)
Res.Poison: +       Res.Corr.  : .   I - +0 helmet
Res.Elec. : .       Clarity    : .   r - +2 cloak
Sust.Abil.: . .     Spirit.Shd : .   b - +2 pair of gauntlets
Res.Mut.  : .       Stasis     : .   (no boots)
Res.Rott. : .       Ctrl.Telep.: .   k - amulet "Aklo" {Ward rPois rC+ SInv}
Saprovore : . . .   Flight     : .   w - +6 ring of evasion
                                     B - ring of see invisible {unknown}

@: very slightly contaminated, somewhat resistant to hostile enchantments,
fairly stealthy
A: mutation resistance 1, slow metabolism 1
a: Lesser Healing, Lesser Self-Healing, Divine Protection, Purification, Greater
Healing, Greater Self-Healing, Divine Vigour, Renounce Religion


You were on level 2 of the Shoals.
You worshipped Elyvilon.
Elyvilon was exalted by your worship.
You were not hungry.

You visited 4 branches of the dungeon, and saw 20 of its levels.
You also visited: Bailey.

You collected 1021 gold pieces.

Inventory:

Hand weapons
 v - a +3,+2 double sword (weapon)
 A - a +4,+3 elven quick blade
 D - a +1,+0 scimitar
Armour
 a - a +2 robe (worn)
 b - a +2 pair of gauntlets (worn)
 r - a +2 cloak (worn)
 I - a +0 helmet (worn)
Magical devices
 u - a wand of cold (7)
 G - a wand of digging (6)
 M - a wand of teleportation (4)
Comestibles
 d - 3 bread rations
 l - 3 meat rations
 E - an apple
 J - 6 cheeses
Scrolls
 h - 2 scrolls of magic mapping
 n - 10 scrolls of remove curse
 q - 3 scrolls of teleportation
 x - 2 scrolls of amnesia
 F - 4 scrolls of fog
 O - 2 scrolls of identify
Jewellery
 i - an uncursed ring of regeneration
 k - the amulet "Aklo" (around neck) {Ward rPois rC+ SInv}
   (You found it on level 4 of the Dungeon)

   [amulet of warding]

   It protects you from cold.
   It protects you from poison.
   It enhances your eyesight.
 o - an uncursed ring of fire
 t - an uncursed ring of teleportation
 w - a +6 ring of evasion (right hand)
 y - an uncursed ring of flight
 B - a ring of see invisible (left hand) {unknown}
 H - the ring "Inwyrann" {+/*TELE rC+ Dex+1 Dam+2}
   (You found it on level 6 of the Lair of Beasts)

   [ring of teleportation]

   It affects your dexterity (+1).
   It affects your damage-dealing abilities (+2).
   It protects you from cold.
 L - the ring of Xom's Anger {+Inv rElec rF- AC+4}
   (You found it on level 6 of the Lair of Beasts)

   [ring of protection]

   It affects your AC (+4).
   It makes you vulnerable to fire.
   It insulates you from electricity.
   It lets you turn invisible.
 N - the ring of Twagitt {MP+9 Dex+2 Int-1}
   (You found it on level 7 of the Lair of Beasts)

   [ring of magical power]

   It affects your intelligence (-1).
   It affects your dexterity (+2).
Potions
 c - a potion of speed
 f - 3 potions of restore abilities
 g - a potion of porridge
 j - a potion of might
 m - 5 potions of curing
 p - 2 potions of agility
 s - 4 potions of magic
 z - a potion of flight
 C - 2 potions of invisibility


   Skills:
 - Level 1.7 Fighting
 + Level 15.7 Long Blades
 - Level 10.5 Dodging
 - Level 19.1 Invocations


You had 13 spell levels left.
You didn't know any spells.

Dungeon Overview and Level Annotations

Branches:
Dungeon (9/27)             Temple (0/1) D:6             Orc (0/4) D:8
   Lair (8/8) D:9          Shoals (2/5) Lair:3        Snake (1/5) Lair:5
  Slime (0/6) Lair:6

Altars:
Fedhas
Kikubaaqudgha
Nemelex Xobeh
Jiyva

Shops:
D:6: ( D:9: *

Annotations
Shoals:2 Aizul, Nikola, Saint Roka


Innate Abilities, Weirdness & Mutations

You are small and have problems with some larger weapons.
You are somewhat resistant to further mutation.
You have a slow metabolism.


Message History

Use which ability? (? or * to list)
Press: ? - help, Dir - move target cursor, f/p - Nikola Heal: Nikola, wielding a sabre of electrocution, wearing a runed cloak and wearing a pair of gauntlets The light of Elyvilon almost touches upon Nikola.
You feel quite a bit more hungry.
Nikola gestures wildly while chanting.
You hear a mighty clap of thunder!
The lightning arc hits you!
The lightning arc hits Nikola.
The lightning arc hits you!
The lightning arc hits Nikola.
The lightning arc hits you!
Read which item? (? for menu, Esc to quit)
Blink to where?
Press: ? - help, Dir - move target cursor, p - Nikola
As you read the scroll of blinking, it crumbles to dust.
You are very lightly contaminated with residual magic.
Nikola casts a spell.
You hear a mighty clap of thunder!
The lightning arc hits you!
Ouch! That really hurt!
You die...

≈≈≈≈ ...≈≈≈≈≈≈ >..≈≈≈≈≈≈
...≈≈≈≈≈≈≈ #### ..≈≈≈≈≈≈≈≈ #..#
####..≈≈≈≈≈≈≈≈ #..#
#.....≈≈≈≈≈≈≈≈≈
#..###...≈≈≈≈≈≈≈≈≈≈≈≈
#§.......@.≈≈≈≈≈≈≈≈≈≈≈
≈≈≈≈≈.≈≈@..≈≈≈≈.>%≈b≈≈≈≈≈≈≈≈≈≈
≈≈≈≈≈.....≈≈≈...≈....≈≈≈≈≈≈≈≈≈
≈≈≈......≈≈≈....≈.#..≈≈≈≈≈≈≈≈≈≈
≈≈≈≈)...≈≈≈.##..≈...≈≈≈≈≈≈≈≈≈≈≈≈
≈≈..#..≈≈≈≈###.≈≈..≈≈≈≈≈≈≈≈≈≈≈≈
≈.###..≈≈≈...≈≈≈≈...≈≈≈≈≈≈≈≈≈≈ .
#..≈≈≈≈≈≈≈≈≈≈...#..≈≈≈≈≈≈≈
≈≈≈≈≈≈≈≈≈≈≈≈≈.####.≈≈≈≈≈≈≈


You could see Nikola and a neutral bat.

Vanquished Creatures
  An elephant slug (Lair:8)
  2 spiny frogs (Lair:8)
  A basilisk (Lair:7)
  A grizzly bear (Lair:8)
  7 yaks (Lair:4)
  An orc warrior (Bailey)
  A shark (Shoals:1)
  2 hippogriffs (Lair:5)
  4 hogs (Shoals:1)
  5 war dogs (Lair:6)
  A phantom (D:5)
  A black bear (Lair:8)
  2 giant slugs (Lair:8)
  4 crocodiles
  A water moccasin (Lair:3)
  A gnoll sergeant (D:7)
  5 agate snails
  A water moccasin zombie (D:6)
  5 giant frogs
  3 wights (D:8)
  5 human zombies (D:8)
  A mottled dragon skeleton (D:9)
  An ogre zombie (D:8)
  2 quasits
  2 orc priests
  A hound (D:8)
  2 worker ants
  A worker ant zombie (D:6)
  3 iguanas
  5 orc wizards
  10 sheep
  7 porcupines
  2 human skeletons (D:8)
  Ijyb (D:6)
  A jelly (D:5)
  A mummy (D:8)
  7 gnolls
  16 green rats
  10 adders
  An inept item mimic (D:2)
  7 worms
  10 giant geckos
  3 oozes
  16 orcs
  5 giant cockroaches
  18 goblins
  15 hobgoblins
  14 jackals
  4 kobolds
  9 quokkas
  27 bats
  A kobold zombie (D:5)
  12 rats
  A ballistomycete (D:9)
  A fungus (Lair:6)
271 creatures vanquished.

Vanquished Creatures (others)
  Donald (Shoals:2)
  2 death yaks
  A very ugly thing (Shoals:1)
  3 blink frogs
  5 yaks
  A hippogriff (Shoals:2)
  A merfolk (Shoals:2)
  A hog (Shoals:1)
  7 orc warriors
  A giant goldfish (Lair:3)
  A crocodile (Lair:4)
  A giant frog (D:9)
  2 water moccasins
  A giant slug (Lair:1)
  A big kobold (D:9)
  A wight (D:6)
  2 hounds
  An iguana (Lair:1)
  3 orc priests (D:8)
  2 gnoll shamans
  A sheep (Shoals:1)
  A worker ant (D:7)
  An adder (Snake:1)
  11 gnolls
  A giant centipede (Lair:3)
  A giant centipede zombie (D:9)
  4 green rats (Lair:3)
  11 orcs
  A giant cockroach (D:2)
  A hobgoblin (D:9)
  6 jackals
  5 quokkas
  A bat (D:9)
  2 giant geckos
  A giant newt (D:4)
  A giant spore (D:9)
  A kobold (D:3)
  3 rats
  A fungus (D:9)
  4 plants
96 creatures vanquished.

Grand Total: 367 creatures vanquished

Notes
Turn   | Place    | Note
--------------------------------------------------------------
     0 | D:1      | Lightli, the Halfling Healer, began the quest for the Orb.
     0 | D:1      | Reached XP level 1. HP: 14/14 MP: 2/2
   380 | D:1      | Reached XP level 2. HP: 19/19 MP: 2/4
   877 | D:2      | Reached XP level 3. HP: 20/24 MP: 6/6
   898 | D:2      | Reached skill level 5 in Invocations
  1367 | D:2      | Found a sparkling altar of Nemelex Xobeh.
  1389 | D:2      | Found a sparkling altar of Nemelex Xobeh.
  1942 | D:2      | Reached XP level 4. HP: 29/29 MP: 8/8
  2170 | D:2      | Reached skill level 6 in Invocations
  2511 | D:3      | Reached XP level 5. HP: 20/35 MP: 8/11
  3402 | D:4      | Reached skill level 7 in Invocations
  3533 | D:4      | Reached XP level 6. HP: 32/40 MP: 14/14
  4019 | D:4      | Got a glittering brass amulet
  4211 | D:5      | Entered Level 5 of the Dungeon
  4453 | D:5      | Acquired Elyvilon's third power
  4462 | D:5      | Reached skill level 8 in Invocations
  4601 | D:5      | Reached XP level 7. HP: 24/45 MP: 17/17
  4811 | D:5      | Found a blossoming altar of Fedhas.
  5126 | D:6      | Reached skill level 9 in Invocations
  5261 | D:6      | Found a staircase to the Ecumenical Temple.
  5590 | D:7      | Noticed Prince Ribbit
  5656 | D:7      | Pacified Prince Ribbit
  5656 | D:7      | Reached XP level 8. HP: 50/50 MP: 15/20
  5729 | D:7      | Reached skill level 10 in Invocations
  5975 | D:7      | Noticed Edmund
  6280 | D:6      | Noticed Ijyb
  6668 | D:6      | Reached skill level 11 in Invocations
  6737 | D:6      | Killed Ijyb
  6924 | D:6      | Reached XP level 9. HP: 39/54 MP: 23/23
  7032 | D:6      | Found Siek's Weapon Shoppe.
  7130 | D:8      | Noticed Grum
  7185 | D:8      | Found a flagged portal.
  7203 | Bailey   | Entered a bailey
  7486 | Bailey   | Noticed an orc knight
  7495 | Bailey   | Reached skill level 12 in Invocations
  7500 | Bailey   | Pacified an orc knight
  7563 | Bailey   | Got a fine bardiche
  7568 | Bailey   | Reached skill level 16 in Invocations
  7568 | Bailey   | Reached XP level 10. HP: 38/61 MP: 23/28
  7569 | Bailey   | Reached skill level 19 in Invocations
  7569 | Bailey   | Reached XP level 11. HP: 40/65 MP: 23/30
  7603 | Bailey   | pacify EVERYTHING
  7830 | D:8      | Noticed Duvessa
  7831 | D:8      | Noticed Dowan
  7833 | D:8      | Pacified Duvessa
  7833 | D:8      | Pacified Dowan
  7911 | D:8      | Pacified Grum
  8067 | D:8      | Found an ancient bone altar of Kikubaaqudgha.
  8343 | D:8      | Reached skill level 5 in Dodging
  8607 | D:8      | Found a staircase to the Orcish Mines.
  9202 | D:7      | Noticed Menkaure
  9214 | D:7      | Noticed a war dog
  9489 | D:7      | Pacified Edmund
  9491 | D:7      | Pacified Menkaure
  9589 | D:7      | Pacified a war dog
 10072 | D:9      | Acquired Elyvilon's fourth power
 10686 | D:9      | Noticed a two-headed hydra
 10688 | D:9      | Pacified a two-headed hydra
 10899 | D:9      | Found Tweup's Off-Brand Ammunition.
 11058 | D:9      | Noticed a cyclops
 11059 | D:9      | Pacified a cyclops
 11187 | D:9      | Found a staircase to the Lair.
 11283 | Lair:1   | Entered Level 1 of the Lair of Beasts
 11308 | Lair:1   | Reached XP level 12. HP: 66/71 MP: 29/31
 11764 | Lair:1   | Noticed a five-headed hydra
 11768 | Lair:1   | Pacified a five-headed hydra
 11768 | Lair:1   | Reached skill level 10 in Dodging
 12489 | Lair:2   | Reached skill level 1 in Long Blades
 12633 | Lair:2   | Noticed a five-headed hydra
 12637 | Lair:2   | Pacified a five-headed hydra
 13092 | Lair:3   | Noticed a five-headed hydra
 13096 | Lair:3   | Pacified a five-headed hydra
 13096 | Lair:3   | Reached skill level 5 in Long Blades
 13106 | Lair:3   | Identified the amulet "Aklo" {Ward rPois rC+ SInv} (You found it on level 4 of the Dungeon)
 13109 | Lair:3   | Noticed a seven-headed hydra
 13110 | Lair:3   | Pacified a seven-headed hydra
 13334 | Lair:3   | Found a staircase to the Shoals.
 13359 | Shoals:1 | Entered Level 1 of the Shoals
 13646 | Lair:3   | Noticed a six-headed hydra
 13649 | Lair:3   | Pacified a six-headed hydra
 14488 | Shoals:2 | wait what
 15162 | Shoals:1 | Reached skill level 10 in Long Blades
 15246 | Shoals:1 | Reached XP level 13. HP: 75/75 MP: 28/32
 15393 | Shoals:1 | Noticed a sea snake
 15395 | Shoals:1 | Pacified a sea snake
 15603 | Shoals:1 | Noticed Kirke
 15606 | Shoals:1 | Pacified Kirke
 15825 | Shoals:1 | Noticed Louise
 15826 | Shoals:1 | Pacified Louise
 16100 | Shoals:2 | Noticed Donald
 16100 | Shoals:2 | Noticed Saint Roka
 16102 | Shoals:2 | Pacified Donald
 16109 | Shoals:2 | Noticed Aizul
 16113 | Shoals:2 | Killed Donald
 16719 | Lair:5   | Found a staircase to the Snake Pit.
 17039 | Lair:6   | Got a scintillating steel ring
 17098 | Lair:6   | Found a viscous altar of Jiyva.
 17114 | Lair:6   | Found a staircase to the Slime Pits.
 17781 | Lair:6   | Got a warped pewter ring
 17878 | Lair:7   | Identified the ring of Xom's Anger {+Inv rElec rF- AC+4} (You found it on level 6 of the Lair of Beasts)
 17941 | Lair:7   | k
 17951 | Lair:7   | Noticed a death yak
 17953 | Lair:7   | Noticed a death yak
 17953 | Lair:7   | Pacified a death yak
 17955 | Lair:7   | Noticed a death yak
 17959 | Lair:7   | Noticed a death yak
 17960 | Lair:7   | Pacified a death yak
 17961 | Lair:7   | Pacified a death yak
 17962 | Lair:7   | Pacified a death yak
 17973 | Lair:7   | Identified the ring "Inwyrann" {+/*TELE rC+ Dex+1 Dam+2} (You found it on level 6 of the Lair of Beasts)
 18017 | Lair:7   | Identified a scroll of acquirement
 18122 | Lair:7   | Got a vibrating copper ring
 18193 | Lair:7   | Noticed Rupert
 18200 | Lair:7   | Pacified Rupert
 18581 | Lair:8   | Entered Level 8 of the Lair of Beasts
 18636 | Lair:8   | Identified the ring of Twagitt {MP+9 Dex+2 Int-1} (You found it on level 7 of the Lair of Beasts)
 18963 | Lair:8   | Noticed a death yak
 18968 | Lair:8   | Pacified a death yak
 18970 | Lair:8   | Noticed a death yak
 18970 | Lair:8   | Pacified a death yak
 18973 | Lair:8   | Noticed a death yak
 18973 | Lair:8   | Pacified a death yak
 18974 | Lair:8   | Noticed a death yak
 18975 | Lair:8   | Pacified a death yak
 19020 | Lair:8   | Noticed a death yak
 19021 | Lair:8   | Noticed a death yak
 19022 | Lair:8   | Pacified a death yak
 19033 | Lair:8   | Pacified a death yak
 19033 | Lair:8   | Reached XP level 14. HP: 81/81 MP: 33/33
 19034 | Lair:8   | Noticed a deep troll shaman
 19035 | Lair:8   | Pacified a deep troll shaman
 19038 | Lair:8   | Noticed a four-headed hydra
 19040 | Lair:8   | Pacified a four-headed hydra
 19040 | Lair:8   | Reached skill level 15 in Long Blades
 19080 | Lair:8   | Killed a death yak
 19829 | Snake:1  | Entered Level 1 of the Snake Pit
 20053 | Shoals:2 | Noticed a death yak
 20055 | Shoals:2 | Noticed a death yak
 20056 | Shoals:2 | Pacified a death yak
 20057 | Shoals:2 | Noticed Polyphemus
 20059 | Shoals:2 | Noticed a catoblepas
 20061 | Shoals:2 | Noticed a death yak
 20072 | Shoals:2 | Pacified a catoblepas
 20075 | Shoals:2 | Pacified a death yak
 20076 | Shoals:2 | Pacified a death yak
 20092 | Shoals:2 | Pacified Polyphemus
 20196 | Shoals:2 | Noticed Nikola
 20233 | Shoals:2 | Killed a death yak
 20386 | Shoals:2 | Killed from afar by Nikola

Action                   |  1- 3 |  4- 6 |  7- 9 | 10-12 | 13-15 || total
-------------------------+-------+-------+-------+-------+-------++-------
Melee: Unarmed           |    56 |       |       |       |       ||    56
       Spear             |   123 |   342 |    99 |       |       ||   564
       Whip              |       |       |   172 |   104 |       ||   276
       Scimitar          |       |       |       |   474 |       ||   474
       Double sword      |       |       |       |    72 |   380 ||   452
Invok: Lesser Healing    |    28 |    45 |    78 |   200 |   113 ||   464
       Greater Healing   |       |     1 |    14 |     8 |    17 ||    40
       Greater Self-Heal |       |       |       |       |     1 ||     1
Evoke: Wand              |       |       |       |     3 |     5 ||     8
  Use: Potion            |     2 |     5 |     2 |     3 |     2 ||    14
       Scroll            |     2 |    12 |     6 |    12 |    18 ||    50
 Stab: Sleeping          |     3 |     5 |     1 |     7 |     3 ||    19
       Distracted        |     1 |       |       |       |     2 ||     3
